 Dungeon Crawl Stone Soup version 0.25-a0-566-g062765be81 (webtiles) character file.

Game seed: 17662080385328958852, levelgen mode: classic

16771 EnegeticOcto the Cleaver (level 12, -1/115 HPs)
             Began as a Deep Dwarf Fighter on Feb 27, 2020.
             Was a High Priest of Makhleb.
             Slain by a centaur warrior (7 damage)
             ... on level 13 of the Dungeon.
             The game lasted 00:07:05 (8321 turns).

EnegeticOcto the Cleaver (Deep Dwarf Fighter)       Turns: 8321, Time: 00:07:05

Health: -1/115     AC: 16    Str: 25    XL:     12   Next: 13%
Magic:  9/9        EV: 11    Int: 16    God:    Makhleb [*****.]
Gold:   898        SH: 12    Dex: 12    Spells: 11/11 levels left

rFire    . . .     SeeInvis +   A - +3 war axe (vorpal)
rCold    . . .     Gourm    +   a - +1 kite shield of Feirph {rN+ Int+4}
rNeg     + . .     Faith    .   s - +2 chain mail {MR+}
rPois    .         Spirit   .   u - +2 hat {Int+3}
rElec    .         Reflect  .   (no cloak)
rCorr    .         Harm     .   (no gloves)
MR       ++...                  p - +0 pair of boots
Stlth    ..........             t - amulet of the gourmand
HPRegen  0.00/turn              r - ring of see invisible
MPRegen  0.11/turn              (no ring)

@: non-regenerating
A: damage resistance, heal wounds, sense surroundings 2, no regeneration
a: Heal Wounds, Minor Destruction, Lesser Servant of Makhleb, Major Destruction,
Greater Servant of Makhleb, Renounce Religion


You were on level 13 of the Dungeon.
You worshipped Makhleb.
Makhleb was extremely pleased with you.
You were full.

You visited 2 branches of the dungeon, and saw 14 of its levels.
You also visited: Sewer.

You collected 956 gold pieces.
You spent 58 gold pieces at shops.

Inventory:

Hand Weapons
 A - a +3 vorpal war axe (weapon)
Missiles
 d - 5 throwing nets (quivered)
Armour
 a - the +1 kite shield of Feirph (worn) {rN+ Int+4}
   (You found it on level 9 of the Dungeon)

   It affects your intelligence (+4).
   It protects you from negative energy.
 p - a +0 pair of boots (worn)
 s - a +2 chain mail of magic resistance (worn)
 u - a +2 hat of intelligence (worn)
Jewellery
 r - a ring of see invisible (left hand)
 t - an amulet of the gourmand (around neck)
Wands
 c - a wand of acid (7) {@v1}
 x - a wand of paralysis (6)
 y - a wand of iceblast (17)
Scrolls
 b - 3 scrolls of teleportation {@r2}
 f - 6 scrolls of remove curse {@r6}
 h - 4 scrolls of fear
 l - 3 scrolls of fog
 o - 3 scrolls of identify {@r1}
 B - a scroll of enchant armour
Potions
 g - 2 potions of lignification {@q7}
 i - a potion of magic
 j - 2 potions of stabbing {@q5}
 k - 2 potions of might {@q3}
 m - 2 potions of curing {@q1}
 n - 2 potions of haste {@q4}
 q - 7 potions of heal wounds {@q2}
 v - a potion of invisibility
 w - 3 potions of flight
Comestibles
 e - 18 rations


   Skills:
 * Level 9.4 Fighting
 * Level 10.9 Axes
 + Level 8.3 Armour
 + Level 7.5 Dodging
 + Level 8.3 Shields
 * Level 10.7 Invocations


You had 11 spell levels left.
You didn't know any spells.
Your spell library was empty.

Dungeon Overview and Level Annotations

Branches:
Dungeon (13/15)            Temple (1/1) D:4            Lair (0/6) D:11
    Orc (0/2) D:9           Sewer (visited)
 Vaults: D:13-14

Altars:
Ashenzari
Cheibriados
Dithmenos
Elyvilon
Fedhas
Gozag
Hepliaklqana
Kikubaaqudgha
Makhleb
Nemelex Xobeh
Okawaru
Qazlal
Ru
Sif Muna
Trog
Uskayaw
Vehumet
Wu Jian
Xom
Yredelemnul
Zin
The Shining One

Shops:
D:7 *   D:12 *


Innate Abilities, Weirdness & Mutations

You are resistant to damage.
You can heal yourself by infusing magical energy.
You passively map the area around you.
You do not regenerate.


Message History

You are too injured to fight recklessly!
The bullfrog misses you. You block the worker ant's attack.
The worker ant bites you but does no damage.
Two slime creatures merge to form a large slime creature.
Your magical essence is drained by the effort!
You feel much better. You block the worker ant's attack.
A large slime creature splits.
Two slime creatures merge to form an enormous slime creature.
You block the white ugly thing's attack.
You block the worker ant's attack.
Your magical essence is drained by the effort!
You feel much better. The slime creature closely misses you.
You slash the white ugly thing!
The white ugly thing is severely wounded.
You barely miss the slime creature. You hit the centaur warrior.
You slash the enormous slime creature! You hit the bullfrog.
The bullfrog hits you.
You block the enormous slime creature's attack.
You block the white ugly thing's attack.
The centaur warrior hits you. You block the slime creature's attack.
You closely miss the white ugly thing.
The white ugly thing is almost dead.
You slash the white ugly thing! You slash the slime creature!
You slash the centaur warrior!
You completely miss the enormous slime creature.
The centaur warrior completely misses you.
The enormous slime creature hits you! The white ugly thing barely misses you.
The worker ant waves its antennae.
The centaur warrior hits you but does no damage.
The slime creature hits you! You block the slime creature's attack.
The centaur warrior misses you.
You feel much better. The enormous slime creature misses you.
You block the centaur warrior's attack. The slime creature hits you!
The centaur warrior wields a +0 shortbow of freezing.
It is covered in frost.
The centaur warrior shoots an arrow.
The arrow hits you!! The arrow freezes you!
You feel much better.
An enormous slime creature splits.
The centaur warrior unwields a +0 shortbow of freezing.
The centaur warrior hits you! You block the slime creature's attack.
You feel much better.
You block the large slime creature's attack.
You block the centaur warrior's attack. The slime creature hits you!
A large slime creature splits.
Two slime creatures merge to form a very large slime creature.
Two slime creatures merge to form an enormous slime creature.
You block the slime creature's attack.
You feel much better.
The centaur warrior hits you but does no damage.
You block the centaur warrior's attack.
You block the white ugly thing's attack.
The slime creature hits you but does no damage.
You slash the white ugly thing!
You kill the white ugly thing!
Makhleb accepts your kill.
You feel better.
You slash the slime creature! You hit the enormous slime creature.
You hit the centaur warrior but do no damage.
The centaur warrior hits you but does no damage.
The enormous slime creature hits you!!! The slime creature hits you!
You hit the bullfrog.
The bullfrog is severely wounded.
You hit the centaur warrior but do no damage.
You slash the enormous slime creature! You hit the slime creature.
You block the centaur warrior's attack. You block the bullfrog's attack.
The enormous slime creature hits you!
The centaur warrior hits you but does no damage.
The bullfrog barely misses you. You block the slime creature's attack.
You hit the bullfrog.
The bullfrog is almost dead.
You hit the slime creature.
You hit the enormous slime creature but do no damage.
You hit the centaur warrior. The centaur warrior hits you.
You block the bullfrog's attack.
The enormous slime creature barely misses you.
The centaur warrior barely misses you. The slime creature hits you!
You are too injured to fight recklessly!
You are too injured to fight recklessly!
You are too injured to fight recklessly!
You are too injured to fight recklessly!
You are too injured to fight recklessly!
You are too injured to fight recklessly!
Two slime creatures merge to form a titanic slime creature.
You feel much better.
A titanic slime creature splits.
The centaur warrior hits you!
Two slime creatures merge to form a titanic slime creature.
Your magical essence is drained by the effort!
You feel much better. The centaur warrior misses you.
The centaur warrior wields a +0 shortbow of freezing.
It is covered in frost.
The centaur warrior shoots an arrow.
You block the arrow.
You see here an arrow.
You slash the bullfrog!
You kill the bullfrog!
Makhleb accepts your kill.
You hit the titanic slime creature. The titanic slime creature hits you!!!!
Ouch! That really hurt!
* * * LOW HITPOINT WARNING * * *
The centaur warrior unwields a +0 shortbow of freezing.
The centaur warrior hits you!
You die...

....#.#...................##.# #
......#.#.............######.# #
......#.#....................####
......#.#.........#..............
..................#.........#####
..#.....#.................###
........#.#.####..........#
........#.....*c..........#
........#.....uJ@.........#
........#......e......#####
............#.a.......#####
..........#.#.............#
..........#...............#
..........#...............#
.................#........#
............#....#........#
..###............#........#


You could see a white ugly thing, a titanic slime creature, a centaur warrior, a
deep elf mage, a worker ant and a battlesphere.

Vanquished Creatures
  Gastronok (D:8)
  Nessos (D:12)
  Erolcha (D:12)
  3 two-headed ogres
  2 manticores (D:12)
  A cyclops (D:11)
  2 ugly things (D:13)
  2 komodo dragons
  2 trolls
  4 hippogriffs
  8 yaks (D:11)
  2 hungry ghosts
  The ghost of emiel the Chiller, an amateur DsIE of Cheibriados (D:4)
  A soldier ant (D:12)
  6 ice beasts
  4 orc warriors
  A sky beast (D:11)
  3 phantoms
  2 black bears
  7 ogres
  6 centaurs
  A big kobold (Sewer)
  2 crocodiles (D:11)
  A gnoll sergeant (D:12)
  5 bullfrogs
  A wyvern skeleton (D:7)
  4 scorpions
  5 killer bees (D:9)
  5 wights (D:13)
  4 howler monkeys
  A bullfrog zombie (D:11)
  4 crimson imps
  6 jellies
  A centaur skeleton (D:11)
  2 centaur zombies
  14 orc wizards
  4 quasits
  2 bullfrog skeletons
  12 orc priests
  3 hounds
  Ijyb (D:4)
  Natasha (thrice) (D:4)
  3 iguanas
  6 worker ants
  A hound zombie (D:7)
  A hound skeleton (D:6)
  A worker ant zombie (D:6)
  10 gnolls
  11 adders
  2 river rats
  4 shadow imps
  An ooze (D:3)
  An adder skeleton (D:7)
  An adder zombie (D:6)
  A dart slug (D:4)
  3 leopard geckos
  66 orcs
  5 giant cockroaches
  3 goblins
  2 hobgoblins (D:3)
  8 jackals
  2 kobolds (Sewer)
  6 quokkas
  A ball python (D:4)
  3 bats
  5 frilled lizards
  A quokka skeleton (D:6)
  18 rats
307 creatures vanquished.

Vanquished Creatures (collateral kills)
  A hippogriff (D:11)
1 creature vanquished.

Vanquished Creatures (others)
  A plant (D:11)
1 creature vanquished.

Grand Total: 309 creatures vanquished

Notes
Turn   | Place    | Note
-------+----------+-------------------------------------------
     0 | D:1      | EnegeticOcto the Deep Dwarf Fighter began the quest for the
                  | Orb.
     0 | D:1      | Reached XP level 1. HP: 20/20 MP: 1/1
   269 | D:2      | Reached XP level 2. HP: 25/27 MP: 2/2
   370 | D:3      | Found a radiant altar of Vehumet.
   405 | D:3      | Reached XP level 3. HP: 31/34 MP: 3/3
   443 | D:3      | Found a shadowy altar of Dithmenos.
   444 | D:3      | Found a bloodstained altar of Trog.
   445 | D:3      | Found a basalt altar of Yredelemnul.
   446 | D:3      | Reached skill level 1 in Dodging
   550 | D:4      | Noticed Ijyb
   578 | D:4      | Killed Ijyb
   578 | D:4      | Reached XP level 4. HP: 42/42 MP: 4/4
   694 | D:4      | Found a staircase to the Ecumenical Temple.
   785 | Temple   | Entered the Ecumenical Temple
  1033 | D:4      | Noticed an ogre
  1049 | D:4      | Killed an ogre
  1049 | D:4      | Reached XP level 5. HP: 41/50 MP: 3/3
  1081 | D:4      | Noticed Natasha
  1086 | D:4      | Killed Natasha
  1149 | D:4      | Noticed an ogre
  1170 | D:4      | Killed an ogre
  1170 | D:4      | Reached XP level 6. HP: 49/57 MP: 4/4
  1219 | D:4      | Found a runed translucent door.
  1350 | D:4      | Noticed Natasha
  1357 | D:4      | Killed Natasha
  1371 | D:4      | Noticed Natasha
  1381 | D:4      | Killed Natasha
  1445 | D:4      | Reached skill level 5 in Axes
  1445 | D:4      | Reached XP level 7. HP: 48/66 MP: 5/5
  1662 | D:4      | Noticed emiel's ghost (amateur DsIE)
  1676 | D:4      | Killed emiel's ghost
  1732 | D:5      | Entered Level 5 of the Dungeon
  1791 | D:5      | Reached skill level 5 in Fighting
  1960 | D:5      | Reached skill level 5 in Armour
  1988 | D:5      | Reached XP level 8. HP: 50/74 MP: 5/5
  1998 | D:5      | Found a glowing drain.
  2005 | D:5      | Reached skill level 5 in Shields
  2008 | Sewer    | Entered a sewer
  2099 | Sewer    | Found a glowing silver altar of Zin.
  2999 | D:3      | Found a burning altar of Makhleb.
  3014 | D:3      | Became a worshipper of Makhleb the Destroyer
  3356 | D:6      | Reached skill level 1 in Invocations
  3621 | D:6      | Found a shattered altar of Ashenzari.
  3657 | D:6      | Found a snail-covered altar of Cheibriados.
  3881 | D:7      | Found Ejicla's General Store.
  3898 | D:7      | Found a sparkling altar of Nemelex Xobeh.
  3963 | D:7      | Reached * piety under Makhleb
  3999 | D:7      | Gained mutation: You passively map the area around you.
                  | [Deep Dwarf growth]
  3999 | D:7      | Reached XP level 9. HP: 49/82 MP: 8/8
  4738 | D:8      | Noticed Gastronok
  4755 | D:8      | Reached skill level 5 in Invocations
  4770 | D:8      | Killed Gastronok
  4770 | D:8      | Reached skill level 5 in Dodging
  4770 | D:8      | Reached XP level 10. HP: 74/94 MP: 9/11
  4955 | D:8      | Reached ** piety under Makhleb
  5414 | D:9      | Found a staircase to the Orcish Mines.
  5474 | D:9      | Reached *** piety under Makhleb
  5561 | D:9      | Found a blossoming altar of Fedhas.
  5728 | D:9      | Noticed a two-headed ogre
  5744 | D:9      | Killed a two-headed ogre
  5751 | D:9      | Got a dazzling kite shield
  5762 | D:9      | Identified the +1 kite shield of Feirph {rN+ Int+4} (You
                  | found it on level 9 of the Dungeon)
  5937 | D:10     | Entered Level 10 of the Dungeon
  5937 | D:10     | Noticed a two-headed ogre
  5950 | D:10     | Killed a two-headed ogre
  5989 | D:10     | Got a transparent marble ring
  6088 | D:10     | Reached XP level 11. HP: 66/103 MP: 11/11
  6222 | D:10     | Identified the ring of Tuuthreo {Ice MR- Str+4 Int+7} (You
                  | found it on level 10 of the Dungeon)
  6245 | D:10     | Found an iron altar of Okawaru.
  6362 | D:10     | Noticed a two-headed ogre
  6377 | D:10     | Killed a two-headed ogre
  7028 | D:11     | Reached **** piety under Makhleb
  7034 | D:11     | Reached skill level 10 in Axes
  7217 | D:11     | Found a staircase to the Lair.
  7616 | D:12     | Noticed Erolcha
  7632 | D:12     | Killed Erolcha
  7670 | D:12     | Reached skill level 10 in Invocations
  7710 | D:12     | Noticed Nessos
  7736 | D:12     | Killed Nessos
  7881 | D:12     | Found Tuetz's Assorted Antiques.
  7881 | D:12     | Found a white marble altar of Elyvilon.
  7887 | D:12     | Bought a scroll labeled CIHAL LIREMAUR for 29 gold pieces
  7887 | D:12     | Bought a scroll labeled NOTERRITYC for 29 gold pieces
  8104 | D:13     | Reached XP level 12. HP: 88/114 MP: 11/11
  8130 | D:13     | Reached ***** piety under Makhleb
  8296 | D:13     | Noticed a centaur warrior
  8321 | D:13     | Slain by a centaur warrior

Levels and vault maps discovered:
D:1:      onia_arrival_mini_spirals, layout_basic,
          minmay_misc_feat_four_crosses, minmay_heptomino_w4
D:2:      layout_loops_ring, uniq_crazy_yiuf_cottage, uniq_sigmund
D:3:      layout_rooms, lemuel_doored_altar, fiery_altar_vehumet,
          chequers_temple_overflow_statue_of_worship
D:4:      layout_loops_cross, lemuel_temple_firewalk_b, first_ration,
          ebering_ghost_sewer_d, uniq_natasha, uniq_ijyb
D:5:      layout_cave_pods, portal_sewer_entry_e, dk_noncrumbling_3
D:6:      layout_cave_pools, cheibriados_altar_1, marbit_many_paths
D:7:      minmay_flawed_box, layout_loops_ring,
          nemelex_xobeh_ov_fountains_minmay, serial_shops,
          nicolae_shop_window_shopping
D:8:      layout_basic, grunt_pizzeria, uniq_gastronok
D:9:      layout_roguey, fedhas_altar_1, hiddenorc2_lemuel, minivault_1
D:10:     layout_stronghold, basic_altar, kennysheep_dice
D:11:     layout_irregular_city, david_lair_shrubbed
D:12:     layout_basic, serial_shops, shop_fountains, elyvilon_altar_5,
          uniq_nessos, uniq_erolcha
D:13:     layout_basic, grunt_dithmenos_smoke_and_mirrors, uniq_frances
Temple:   nicolae_temple_figure_eight

Skill      XL: |  1  2  3  4  5  6  7  8  9 10 11 |
---------------+----------------------------------+-----
Fighting       | 3 4 5 6 7 8 9 |  9.4
Axes           | 3 4 5 7 8 9 10 | 10.9
Dodging        | 1 2 3 4 5 6 7 |  7.5
Armour         | 4 5 6 7 8 |  8.3
Shields        | 4 5 6 7 8 |  8.3
Invocations    | 3 6 8 10 | 10.7

Action                   |  1- 3 |  4- 6 |  7- 9 | 10-12 || total
-------------------------+-------+-------+-------+-------++-------
Melee: War axe           |   100 |   121 |   389 |   655 ||  1265
 Abil: Heal Wounds       |     1 |     7 |     8 |    33 ||    49
Evoke: Wand              |       |       |       |     3 ||     3
  Use: Scroll            |       |       |    13 |    11 ||    24
 Stab: Paralysed         |       |       |       |     7 ||     7
  Eat: Chunk             |       |     2 |    22 |    15 ||    39
       Ration            |       |       |       |     2 ||     2
Armor: Scale mail        |    52 |    10 |       |       ||    62
       Chain mail        |       |    40 |   208 |   279 ||   527
Dodge: Dodged            |    33 |    20 |   129 |   261 ||   443
Block: Kite shield       |    56 |    71 |   236 |   441 ||   804

Table legend:
 A = Non-vault XP
 B = Vault XP
 C = Vault XP percentage of total XP
 D = Non-vault monster count
 E = Vault monster count
 F = Vault count percentage of total count
                 A         B        C        D         E       F
            +---------+---------+-------+---------+---------+-------
      Total |   17664 |    6295 |  26.3 |     239 |      69 |  22.4
            +---------+---------+-------+---------+---------+-------
        D:1 |       3 |       0 |   0.0 |       3 |       0 |   0.0
        D:2 |      34 |       0 |   0.0 |       6 |       0 |   0.0
        D:3 |      78 |       0 |   0.0 |      26 |       0 |   0.0
        D:4 |     666 |     265 |  28.5 |      23 |       5 |  17.9
        D:5 |     630 |      21 |   3.2 |      20 |       8 |  28.6
        D:6 |     785 |       0 |   0.0 |      20 |       0 |   0.0
        D:7 |     594 |     225 |  27.5 |      19 |       6 |  24.0
        D:8 |    1275 |    2274 |  64.1 |      20 |       2 |   9.1
        D:9 |    2492 |     250 |   9.1 |      32 |      32 |  50.0
       D:10 |    2989 |     458 |  13.3 |      18 |       3 |  14.3
       D:11 |    3683 |     343 |   8.5 |      27 |       1 |   3.6
       D:12 |    2123 |    2334 |  52.4 |      11 |       2 |  15.4
       D:13 |    2312 |       0 |   0.0 |      14 |       0 |   0.0
      Sewer |       0 |     125 | 100.0 |       0 |      10 | 100.0
            +---------+---------+-------+---------+---------+-------
